 Dungeon Crawl Stone Soup version 0.24-a0-434-gd57e52fea8 (webtiles) character file.

Game seed: 12704364422707889368

165 Azzok the Shield-Bearer (level 5, -1/41 HPs)
             Began as a Formicid Fighter on June 16, 2019.
             Killed from afar by an orc wizard (9 damage)
             ... with a magic dart
             ... on level 4 of the Dungeon.
             The game lasted 00:03:11 (3101 turns).

Azzok the Shield-Bearer (Formicid Fighter)          Turns: 3101, Time: 00:03:12

Health: -1/41      AC:  6    Str: 21    XL:     5   Next: 75%
Magic:  5/5        EV: 11    Int:  8    God:
Gold:   107        SH: 10    Dex: 10    Spells: 4/4 levels left

rFire    . . .     SeeInvis +   a - +0 war axe
rCold    . . .     Gourm    .   c - +0 shield
rNeg     . . .     Faith    .   b - +0 scale mail
rPois    .         Spirit   .   (helmet unavailable)
rElec    .         Reflect  .   (no cloak)
rCorr    .         Harm     .   (no gloves)
MR       .....                  (no boots)
Stlth    ..........             (no amulet)
HPRegen  0.13/turn              g - +3 ring of evasion
MPRegen  0.09/turn              (no ring)

@: no status effects
A: permanent stasis, dig shafts and tunnels, four strong arms, antennae 3
a: Dig, Shaft Self


You were on level 4 of the Dungeon.
You were very hungry.

You visited 1 branch of the dungeon, and saw 4 of its levels.

You collected 107 gold pieces.

Inventory:

Hand Weapons
 a - a +0 war axe (weapon)
 o - a +1 dagger of flaming
Armour
 b - a +0 scale mail (worn)
 c - a +0 shield (worn)
Jewellery
 g - a +3 ring of evasion (left hand)
Wands
 r - a wand of random effects (11)
 v - a wand of polymorph (6)
Scrolls
 i - a scroll of teleportation {unknown}
 j - 2 scrolls of remove curse {unknown}
 k - 2 scrolls of immolation {unknown}
 l - a scroll of magic mapping {unknown}
 n - a scroll of amnesia {unknown}
 t - a scroll of blinking {unknown}
Potions
 d - a potion of might
 e - 3 potions of curing {unknown}
 h - a potion of mutation {unknown}
 m - a potion of flight {unknown}
 p - a potion of heal wounds {unknown}
 q - a potion of lignification {unknown}
 s - 3 potions of berserk rage {unknown}
Comestibles
 f - 5 rations


   Skills:
 - Level 3.2 Fighting
 + Level 4.1 Axes
 - Level 3.2 Armour
 + Level 5.7 Shields


You had 4 spell levels left.
You didn't know any spells.
Your spell library was empty.

Dungeon Overview and Level Annotations

Branches:
Dungeon (4/15)
 Temple: D:4-7

Altars:
Cheibriados


Innate Abilities, Weirdness & Mutations

You cannot be hasted, slowed, berserked, paralysed or teleported.
You can dig through walls and to a lower floor.
Your four strong arms can wield two-handed weapons with a shield.
You have a pair of large antennae on your head. (SInv)


Message History

You block the orc's attack.
You hit the orc.
The orc is almost dead.
You hit the orc wizard. You block the orc wizard's attack.
You block the orc's attack.
The orc wizard casts a spell.
The orc wizard blinks!
You hit the orc but do no damage.
The orc is almost dead.
You block the orc's attack. The orc misses you.
You hit the orc but do no damage.
The orc is almost dead.
The orc barely misses you.
You hit the orc but do no damage.
The orc is almost dead.
You hit the orc wizard. You block the orc wizard's attack.
You block the orc's attack.
The orc wizard points at you and mumbles some strange words.
The magic dart hits you!
You die...

▒▒▒▒▒▒▒·▒
▒··o@o··▒
▒·▒▒▒▒▒▒▒
▒·▒ ▒·▒
▒·▒ ▒·▒
▒·▒
▒·▒▒▒▒▒
▒·····▒▒▒


You could see an orc wizard and an orc.

Vanquished Creatures
  2 orc wizards
  An adder (D:3)
  2 oozes (D:3)
  2 worms
  2 dart slugs (D:1)
  A leopard gecko (D:3)
  17 orcs
  9 giant cockroaches
  4 goblins
  2 hobgoblins
  4 jackals (D:3)
  9 bats
  3 kobolds
  4 rats
62 creatures vanquished.

Notes
Turn   | Place    | Note
-------+----------+-------------------------------------------
     0 | D:1      | Azzok the Formicid Fighter began the quest for the Orb.
     0 | D:1      | Reached XP level 1. HP: 18/18 MP: 1/1
   104 | D:1      | Reached XP level 2. HP: 23/24 MP: 2/2
   110 | D:1      | Reached skill level 4 in Shields
   942 | D:2      | Reached XP level 3. HP: 27/29 MP: 3/3
  1662 | D:3      | Found a snail-covered altar of Cheibriados.
  1699 | D:3      | Reached XP level 4. HP: 35/35 MP: 4/4
  1989 | D:3      | Reached skill level 5 in Shields
  1989 | D:3      | Reached XP level 5. HP: 33/41 MP: 5/5
  3101 | D:4      | Killed from afar by an orc wizard

Levels and vault maps discovered:
D:1:      dpeg_arrival_signposts, layout_basic, minmay_ruptured
D:2:      layout_basic, st_stairs_7, minmay_worlds_worst_comb
D:3:      layout_basic, first_ration, cheibriados_altar_1
D:4:      minmay_chambers_of_fours, layout_basic, minmay_temple_entry_poolview,
          hangedman_minor_gate_pass

Skill      XL: |  1  2  3  4  5 |
---------------+----------------+-----
Shields        | 4 5 |  5.7
Axes           | 3 4 |  4.1
Fighting       | |  3.2
Armour         | |  3.2

Action                   |  1- 3 |  4- 6 || total
-------------------------+-------+-------++-------
Melee: War axe           |    80 |    28 ||   108
       Dagger            |    26 |   119 ||   145
  Eat: Chunk             |     2 |     4 ||     6
Armor: Scale mail        |    48 |    37 ||    85
Dodge: Dodged            |    45 |    48 ||    93
Block: Shield            |    60 |    68 ||   128

Table legend:
 A = Non-vault XP
 B = Vault XP
 C = Vault XP percentage of total XP
 D = Non-vault monster count
 E = Vault monster count
 F = Vault count percentage of total count
                 A         B        C        D         E       F
            +---------+---------+-------+---------+---------+-------
      Total |     216 |      21 |   8.9 |      50 |      12 |  19.4
            +---------+---------+-------+---------+---------+-------
        D:1 |      18 |       5 |  21.7 |       8 |       4 |  33.3
        D:2 |      19 |      16 |  45.7 |      10 |       8 |  44.4
        D:3 |     138 |       0 |   0.0 |      29 |       0 |   0.0
        D:4 |      41 |       0 |   0.0 |       3 |       0 |   0.0
            +---------+---------+-------+---------+---------+-------
